 Dungeon Crawl Stone Soup version 0.23.2-40-g277498a001 (webtiles) character file.

Game seed: 14237323016639061322

84 Curus the Slasher (level 4, -4/39 HPs)
             Began as a Minotaur Fighter on Oct 21, 2019.
             Was an Initiate of Trog.
             Slain by a gnoll
             ... wielding a +0 halberd
              (13 damage)
             ... on level 4 of the Dungeon.
             The game lasted 00:14:03 (2318 turns).

Curus the Slasher (Minotaur Fighter)                Turns: 2318, Time: 00:14:04

Health: -4/39      AC:  9    Str: 20    XL:     4   Next: 24%
Magic:  3/3        EV:  5    Int:  6    God:    Trog [......]
Gold:   116        SH: 10    Dex: 10    Spells: 3/3 levels left

rFire    . . .     SeeInvis .   j - +0 scimitar
rCold    . . .     Gourm    .   c - +1 shield
rNeg     . . .     Faith    +   m - +0 chain mail
rPois    .         Spirit   .   (helmet restricted)
rElec    .         Reflect  .   (no cloak)
rCorr    .         Harm     .   (no gloves)
MR       .....                  (no boots)
Stlth    ..........             k - amulet of faith
HPRegen  0.13/turn              g - ring of flight
MPRegen  0.08/turn              (no ring)

@: no status effects
A: retaliatory headbutt, horns 2
a: Renounce Religion, Evoke Flight


You were on level 4 of the Dungeon.
You worshipped Trog.
Trog was noncommittal.
You were hungry.

You visited 2 branches of the dungeon, and saw 5 of its levels.

You collected 116 gold pieces.

Inventory:

Hand Weapons
 a - a +0 long sword
 j - a +0 scimitar (weapon)
Armour
 b - a +0 scale mail
 c - a +1 shield (worn)
 m - a +0 chain mail (worn)
Jewellery
 g - a ring of flight (left hand)
 k - an amulet of faith (around neck)
 s - a cursed amulet of inaccuracy
Wands
 q - a wand of clouds (5)
 r - a wand of acid (6)
Scrolls
 h - 2 scrolls of noise
 p - 2 scrolls of fog
Potions
 d - a potion of might
 e - 4 potions of curing
 i - a potion of berserk rage
 l - a potion of magic
 n - a potion of flight
Comestibles
 f - 4 rations


   Skills:
 - Level 3.6 Fighting
 + Level 5.5 Long Blades
 - Level 3.6 Armour
 - Level 3.6 Shields


You had 3 spell levels left.
You didn't know any spells.
Your spell library was empty.

Dungeon Overview and Level Annotations

Branches:
Dungeon (4/15)             Temple (1/1) D:4

Altars:
Dithmenos
Gozag
Hepliaklqana
Kikubaaqudgha
Qazlal
Sif Muna
Trog
Wu Jian
Xom
Yredelemnul
Zin
The Shining One


Innate Abilities, Weirdness & Mutations

You reflexively headbutt those who attack you in melee.
You have a pair of horns on your head.


Message History

The gnoll shouts! x2
A gnoll comes into view. It is wielding a +0 halberd.
A gnoll comes into view. It is wielding a +0 flail.
The gnoll shouts! x2
You block the gnoll's attack. You block the gnoll's attack.
Found an escape hatch in the ceiling.
You slash the gnoll!
You kill the gnoll!
Trog accepts your kill. The gnoll hits you with a +0 halberd!
The gnoll hits you with a +0 spear. The gnoll hits you with a +0 halberd.
Your chain mail prevents you from hitting the gnoll.
Your headbutt misses the gnoll. The gnoll barely misses you.
You riposte.
You closely miss the gnoll. You block the gnoll's attack.
The gnoll hits you with a +0 halberd!
* * * LOW HITPOINT WARNING * * *
The gnoll hits you but does no damage.
The gnoll hits you from afar with a +0 halberd!
You die...

..# #.# ### #.# .# #.#
#<# #.###### ... #
#......# #. #.# .# #
######.# #.##.# #.# ##
##.###.# #.##.##..#
.####...##.###.##.#...###
.'..............@g.......
.####...##.###.##g)...##
## ##.###.# #.#..g#..# #
### #.###....#...#
###..#..####.###
#......## #..#
#...#...##...#
#..###.....#
#..###.>..#..#


You could see 3 gnolls.

Vanquished Creatures
  An adder (D:3)
  A gnoll (D:4)
  A worm (D:3)
  A dart slug (D:2)
  2 leopard geckos (D:3)
  4 orcs (D:3)
  6 giant cockroaches
  5 goblins
  6 hobgoblins
  12 kobolds
  A quokka (D:2)
  2 ball pythons
  6 bats
  A frilled lizard (D:1)
  4 rats
53 creatures vanquished.

Notes
Turn   | Place    | Note
-------+----------+-------------------------------------------
     0 | D:1      | Curus the Minotaur Fighter began the quest for the Orb.
     0 | D:1      | Reached XP level 1. HP: 19/19 MP: 0/0
    30 | D:1      | Reached skill level 3 in Long Blades
   353 | D:1      | Reached XP level 2. HP: 26/26 MP: 1/1
   814 | D:2      | Reached skill level 4 in Long Blades
   981 | D:2      | Reached XP level 3. HP: 29/31 MP: 2/2
  1522 | D:3      | Reached skill level 5 in Long Blades
  1796 | D:3      | Found an ancient bone altar of Kikubaaqudgha.
  1798 | D:3      | Found a glowing golden altar of the Shining One.
  1890 | D:3      | Reached XP level 4. HP: 36/39 MP: 3/3
  2281 | D:4      | Found a staircase to the Ecumenical Temple.
  2291 | Temple   | Entered the Ecumenical Temple
  2299 | Temple   | Became a worshipper of Trog the Wrathful
  2318 | D:4      | Slain by a gnoll

Skill      XL: |  1  2  3 |
---------------+----------+-----
Long Blades    | 3 4 5 |  5.5
Fighting       | |  3.6
Armour         | |  3.6
Shields        | |  3.6

Action                   |  1- 3 |  4- 6 || total
-------------------------+-------+-------++-------
Melee: Long sword        |    50 |       ||    50
       Headbutt          |    19 |     1 ||    20
       Scimitar          |    68 |    17 ||    85
  Use: Potion            |     6 |     1 ||     7
       Scroll            |     7 |     1 ||     8
  Eat: Chunk             |     3 |     1 ||     4
Armor: Scale mail        |    46 |       ||    46
       Chain mail        |     4 |    10 ||    14
Dodge: Dodged            |    24 |     3 ||    27
Block: Shield            |    66 |    11 ||    77
       Rpst.: Long sword |     3 |       ||     3
       Scimitar          |       |     2 ||     2
